 Dungeon Crawl Stone Soup version 0.23-a0-175-g97aacdb (webtiles) character file.

23 Oozefury the Ruffian (level 2, -20/27 HPs)
             Began as an Ogre Transmuter on Sept 16, 2018.
             Demolished by Terence
             ... wielding a +0 morningstar of distortion
              (22 damage)
             ... on level 2 of the Dungeon.
             The game lasted 00:04:36 (1374 turns).

Oozefury the Ruffian (Ogre Transmuter)              Turns: 1374, Time: 00:04:36

Health: -20/27     AC:  3    Str: 13    XL:     2   Next: 95%
Magic:  5/5        EV: 10    Int: 19    God:
Gold:   60         SH:  0    Dex:  9    Spells: 2/5 levels left

rFire    . . .     SeeInvis .     - Unarmed
rCold    . . .     Gourm    .   (no shield)
rNeg     . . .     Faith    .   b - +0 robe
rPois    .         Spirit   .   (helmet restricted)
rElec    .         Reflect  .   (no cloak)
rCorr    .         Harm     .   (gloves unavailable)
MR       .....     Rnd*Tele +   (boots unavailable)
Stlth    +.........             (no amulet)
HPRegen  0.09/turn              j - ring of teleportation (curse)
MPRegen  0.09/turn              l - +5 ring of intelligence

@: very slightly contaminated
A: large, unfitting armour, tough skin 1
a: no special abilities


You were on level 2 of the Dungeon.
You were near starving.

You visited 1 branch of the dungeon, and saw 2 of its levels.

You collected 60 gold pieces.

Inventory:

Missiles
 a - 26 arrows
 c - 5 poisoned javelins
 e - 6 poisoned tomahawks (quivered)
 m - 31 stones
Armour
 b - a +0 robe (worn)
Jewellery
 j - a cursed ring of teleportation (left hand)
 l - a +5 ring of intelligence (right hand)
Scrolls
 h - a scroll of identify
Potions
 g - a potion of might
Comestibles
 d - 5 rations


   Skills:
 - Level 1.3 Fighting
 - Level 1.7 Dodging
 + Level 3.2 Unarmed Combat
 - Level 2.4 Spellcasting
 + Level 2.4 Transmutations


You had 2 spell levels left.
You knew the following spells:

 Your Spells              Type           Power        Failure   Level  Hunger
a - Beastly Appendage     Tmut           ##....       6%          1    #......
b - Sticks to Snakes      Tmut           ##......     9%          2    ##.....

Your spell library contained the following spells:

 Spells                   Type           Power        Failure   Level  Hunger
 Spider Form              Tmut/Pois      #.........   28%         3    ###....
 Ice Form                 Ice/Tmut       #.......     67%         4    #####..
 Blade Hands              Tmut           ##........   85%         5    ######.


Dungeon Overview and Level Annotations

Branches:
Dungeon (2/15)

Altars:

Annotations:
D:2 Robin, Terence


Innate Abilities, Weirdness & Mutations

You are too large for most types of armour.
You have tough skin. (AC +1)


Message History

f - a scroll of teleportation The bat barely misses you.
The bat hits you but does no damage.
As you read the scroll of teleportation, it crumbles to dust.
You feel strangely unstable. The bat barely misses you.
Robin throws the goblin at you! The giant cockroach bites you.
You take 3 damage, and have 14/27 hp.
The hobgoblin barely misses you. The giant cockroach bites you.
You take 1 damage, and have 13/27 hp.
The hobgoblin hits you with a club. The bat hits you but does no damage.
You take 2 damage, and have 11/27 hp.
Your surroundings suddenly seem different.
Terence shouts!
Terence says, "Rest in peace."
Terence barely misses you.
There is a stone staircase leading up here.
Terence hits you with a morningstar of distortion!
* * * LOW HITPOINT WARNING * * *
Space warps horribly around you!
Ouch! That really hurt!
You die...

.)...l.......(.
.#####..######.#####
.#####.#.####......#
.##....##..........#
.##.##.# ####..?...#
.## #.. #......# ..
...# #..#...♣♣ #.
.#.. #...@...♣♣♣♣ ..
.. ##. #.##@........
.. .. . ..
#.....♣♣♣♣ ..$.. #
#.###♣♣ #.# ... ...
.... .?...


You could see Terence.

Vanquished Creatures
  A dart slug (D:1)
  A leopard gecko (D:1)
  3 bats (D:1)
  4 hobgoblins
  2 jackals (D:1)
  3 kobolds
  2 frilled lizards (D:1)
  A rat (D:1)
17 creatures vanquished.

Vanquished Creatures (others)
  An adder (D:2)
  A dart slug (D:2)
2 creatures vanquished.

Grand Total: 19 creatures vanquished

Notes
Turn   | Place    | Note
-------+----------+-------------------------------------------
     0 | D:1      | Oozefury the Ogre Transmuter began the quest for the Orb.
     0 | D:1      | Reached XP level 1. HP: 19/19 MP: 3/3
   261 | D:1      | Reached skill level 2 in Transmutations
   317 | D:1      | Reached skill level 3 in Unarmed Combat
   317 | D:1      | Reached XP level 2. HP: 26/27 MP: 3/5
   370 | D:1      | Learned a level 2 spell: Sticks to Snakes
  1226 | D:2      | Noticed Terence
  1361 | D:2      | Noticed Robin
  1374 | D:2      | Demolished by Terence

Vault maps used:
D:1:      dpeg_arrival_concentric_ovals, hangedman_decor_points
D:2:      overflow_temple_1_default, lemuel_zombie_altar_kikubaaqudgha,
          fiery_altar_vehumet, first_ration, fedhas_altar_4, uniq_terence,
          uniq_robin

Skill      XL: |  1 |
---------------+----+-----
Transmutations | 2 |  2.4
Unarmed Combat | 3 |  3.2
Fighting       | |  1.3
Dodging        | |  1.7
Spellcasting   | |  2.4

Action                   || total
-------------------------++-------
Melee: Unarmed           ||    98
       Headbutt          ||     6
       Punch             ||     1
 Cast: Beastly Appendage ||     7
  Use: Scroll            ||     6
Armor: Robe              ||    47
Dodge: Dodged            ||    69

Table legend:
 A = Non-vault XP
 B = Vault XP
 C = Vault XP percentage of total XP
 D = Non-vault monster count
 E = Vault monster count
 F = Vault count percentage of total count
                 A         B        C        D         E       F
            +---------+---------+-------+---------+---------+-------
      Total |      33 |       0 |   0.0 |      17 |       0 |   0.0
            +---------+---------+-------+---------+---------+-------
        D:1 |      27 |       0 |   0.0 |      14 |       0 |   0.0
        D:2 |       6 |       0 |   0.0 |       3 |       0 |   0.0
            +---------+---------+-------+---------+---------+-------
